[Event "Early-Titled-Tuesday-Blitz-May-14-2024"]
[Site "Chess.com"]
[Date "2024.05.14"]
[Round "4"]
[White "Schattman"]
[Black "crescentmoon2411"]
[Result "0-1"]
[WhiteElo "2563"]
[BlackElo "2844"]
[TimeControl "180+1"]
[EndTime "8:41:23 PDT"]
[Termination "crescentmoon2411 won on time"]

1. d4 d5 2. Nc3 Nf6 3. Bg5 c5 4. e3 Nc6 5. Bxf6 gxf6 6. Nf3 Bg4 7. dxc5 e6 8. Be2 Bxc5 9. Nd4 Bxd4 10. exd4 Bf5 11. Qd2 a6 12. g4 Bg6 13. h4 h5 14.
g5 fxg5 15. hxg5 Qb6 16. O-O-O Nb4 17. Qf4 Rc8 18. Qf6 Nxa2+ 19. Kd2 Qxb2 20. Qxh8+ Kd7 21. Qxc8+ Kxc8 22. Nxa2 Qxc2+ 23. Ke3 Qxa2 24. Rc1+ Kd7 25. Rc3 Qa5 26. Rhc1 h4 27. f4 Qb6 28. Bg4 a5 29. Rc5 Kd6 30. f5 Bxf5 31. Bxf5 exf5 32. R5c3 f4+ 33.
Kf3 Qxd4 34. Rc8 Qe3+ 35. Kg4 h3 36. Rd8+ Ke7 37. Rcc8 Qg3+ 38. Kh5 Ke6 39. Rf8 h2 40. Rce8+ Kd7 0-1

[Event "Early-Titled-Tuesday-Blitz-May-14-2024"]
[Site "Chess.com"]
[Date "2024.05.14"]
[Round "4"]
[White "RojonR"]
[Black "MatthewG-p4p"]
[Result "0-1"]
[WhiteElo "2605"]
[BlackElo "2835"]
[TimeControl "180+1"]
[EndTime "8:41:23 PDT"]
[Termination "MatthewG-p4p won by resignation"]

1. e4 e6 2. Nc3 d5 3. Qe2 d4 4. Nd1 c5 5. f4 Nc6 6. Nf3 Bd6 7.
g3 Nge7 8. Bg2 O-O 9. d3 Rb8 10.
O-O b5 11. Nf2 f5 12. Re1 h6 13. Bd2 a5 14. Nh4 Nb4 15. Rec1 Kh7 16. a3 Nbc6 17. Re1 a4 18. Nh3 Kg8 19. Qh5 Bd7 20. exf5 exf5 21. Ng5 Be8 22. Qe2 hxg5 23. fxg5 g6 24. b4 axb3 25.
cxb3 Bf7 26. b4 c4 27. Bf4 Re8 28. Qf2 cxd3 29. g4 Bxf4 30. Qxf4 Nd5 31. Qg3 Ne3 32. gxf5 gxf5 33. g6 Bd5 34. Bh3 Qf6 35. Qf4 Rbd8 36. Nxf5 Nxf5 37. Bxf5 d2 38. Qh6 dxe1=Q+ 39. Rxe1 Rxe1+ 40. Kf2 Qxf5+ 41. Kxe1 Re8+ 42. Kd2 Qf2+ 43. Kc1 Qe3+ 0-1

[Event "Early-Titled-Tuesday-Blitz-May-14-2024"]
[Site "Chess.com"]
[Date "2024.05.14"]
[Round "4"]
[White "Payyappat"]
[Black "briesmas"]
[Result "1-0"]
[WhiteElo "2530"]
[BlackElo "2319"]
[TimeControl "180+1"]
[EndTime "8:41:23 PDT"]
[Termination "Payyappat won on time"]

1. e4 c5 2. Nf3 d6 3. d4 cxd4 4. Nxd4 Nf6 5. Nc3 a6 6. h4 e5 7. Nb3 Be6 8. f4 exf4 9. Bxf4 Nc6 10. Qd2 Ne5 11. O-O-O Qc7 12. Qe3 Be7 13. Be2 O-O 14. Rhg1 Nfg4 15. Qg3 h5 16. Nd4 Rad8 17. Bxe5 Nxe5 18.
Bxh5 b5 19. Nf5 Bxf5 20. Nd5 Qd7 21. exf5 f6 22. Bg6 Rc8 23. Rge1 Bd8 24. Rxe5 fxe5 25.
Qg4 Qc6 26. c3 Qc4 27. Qh5 Qxh4 28. Bh7+ Kh8 29. Rh1 Bg5+ 30. Kc2 Qxh5 31. Rxh5 Bh6 32.
Bg6 Rc5 33. Ne7 e4 34. g4 Re5 35. Nc6 Rc5 36. Nd4 Rf6 37. g5 Rxg6 38. fxg6 Rxg5 39.
Rxg5 Bxg5 40. Ne6 Be3 41. Nd8 Kg8 42. Nf7 d5 43. Ne5 Kf8 44. Nc6 Bf4 45. Nb4 1-0

[Event "Early-Titled-Tuesday-Blitz-May-14-2024"]
[Site "Chess.com"]
[Date "2024.05.14"]
[Round "4"]
[White "Msb2"]
[Black "Aygehovit1992"]
[Result "1-0"]
[WhiteElo "3065"]
[BlackElo "2859"]
[TimeControl "180+1"]
[EndTime "8:41:24 PDT"]
[Termination "Msb2 won by resignation"]

1. d4 Nf6 2. c4 g6 3. Nc3 Bg7 4. e4 d6 5. Be2 O-O 6. Nf3 Na6 7. O-O e5 8. Be3 Qe7 9. dxe5 dxe5 10. Nd5 Qd8 11.
Qc2 c6 12. Nxf6+ Qxf6 13. c5 Nc7 14. Bg5 Qe6 15. Rad1 h6 16. Bc4 Qg4 17. Be7 Re8 18. Bd6 Nb5 19. h3 Qh5 20. Be2 Bxh3 21. gxh3 Qxh3 22.
Nh2 Nd4 23. Qd3 Qh4 24. Bf3 f5 25. Bg2 f4 26. Nf3 Nxf3+ 27. Qxf3 h5 28. Qh3 Qf6 29. Bf3 Rad8 30. Kh2 Bf8 31. Rg1 Kh7 32. Bxf8 Rxf8 33. Rd7+ Rxd7 34. Qxd7+ Rf7 35. Qd6 Qxd6 36. cxd6 Kh6 37.
Rc1 Kg5 38. Bg2 Rd7 39. Rd1 Kf6 40. Bh3 Rd8 41. d7 g5 42. Bf5 g4 43. Kg2 Kg5 44.
f3 Kh4 45. Rd6 a5 46. Rg6 g3 47.
Rg7 b5 48. Re7 c5 49. Re8 Rxd7 50. Bxd7 c4 51. Bxb5 1-0

[Event "Early-Titled-Tuesday-Blitz-May-14-2024"]
[Site "Chess.com"]
[Date "2024.05.14"]
[Round "4"]
[White "Dewarfd"]
[Black "Happy1712Drummer"]
[Result "1/2-1/2"]
[WhiteElo "2073"]
[BlackElo "2433"]
[TimeControl "180+1"]
[EndTime "8:41:24 PDT"]
[Termination "Game drawn by repetition"]

1. d4 d5 2. e3 e6 3. Nf3 Nf6 4. Bd3 c5 5. b3 Nc6 6. O-O Bd6 7.
Bb2 O-O 8. Nbd2 b6 9. a3 Bb7 10. Ne5 Nd7 11. Nxc6 Bxc6 12. dxc5 Nxc5 13. Qg4 e5 14. b4 Nxd3 15. cxd3 Bb5 16. Nf3 Qe7 17. Rfd1 Rac8 18. Rac1 Rxc1 19. Bxc1 Bd7 20. Qh5 Rc8 21. Bb2 Rc2 22. Bxe5 g6 23. Bxd6 Qxd6 24. Qe5 Qxe5 25. Nxe5 Ba4 26. h3 Ra2 27. Rc1 Rxa3 28. Rc8+ Kg7 29.
Rc7 Kf6 30. d4 Be8 31. g4 a5 32. bxa5 bxa5 33. Ra7 a4 34. h4 Ra1+ 35. Kg2 h6 36. Kg3 a3 37. f4 a2 38. g5+ hxg5 39. hxg5+ Kg7 40. Kh2 Kg8 41. Ng4 Bc6 42. Nf6+ Kg7 43.
Ra6 Bb7 44. Ra7 Bc6 45. Ra6 Bb7 46. Ra7 Bc6 1/2-1/2

[Event "Early-Titled-Tuesday-Blitz-May-14-2024"]
[Site "Chess.com"]
[Date "2024.05.14"]
[Round "4"]
[White "vugarrasulov"]
[Black "scarabee43"]
[Result "1-0"]
[WhiteElo "2995"]
[BlackElo "2819"]
[TimeControl "180+1"]
[EndTime "8:41:26 PDT"]
[Termination "vugarrasulov won by resignation"]

1. d4 Nf6 2. c4 e6 3. Nc3 d5 4. Bg5 Be7 5. e3 h6 6. Bh4 b6 7.
Rc1 O-O 8. cxd5 Nxd5 9. Nxd5 exd5 10. Bxe7 Qxe7 11. Nf3 Be6 12. Qa4 c5 13. Qa3 Nd7 14.
Bb5 Rfc8 15. O-O Rc7 16. Rc2 Nf6 17. dxc5 bxc5 18. Rfc1 c4 19. Qxe7 Rxe7 20. b3 cxb3 21.
axb3 Bf5 22. Rc5 Kf8 23. Nd4 Bd7 24. Bxd7 Rxd7 25. Rc8+ Rd8 26. R8c7 Ne8 27. R7c5 a6 28. g4 g6 29. f3 Kg7 30. h4 Rd7 31. Kf2 Nf6 32.
Rc6 Rb7 33. h5 Raa7 34. hxg6 fxg6 35. Ne6+ Kh7 36. g5 Nh5 37. Nf8+ Kg8 38. Nxg6 hxg5 39. R1c3 a5 40. Kg2 a4 41. bxa4 Rxa4 42. Rc2 g4 43.
f4 Re4 44. Kf2 Rb3 45. Ne5 Rbxe3 46. Rc8+ Kh7 47. R2c7+ Ng7 48. Nxg4 Rxf4+ 49. Kxe3 Rxg4 50. Rd7 d4+ 51. Kf3 Rh4 52. Rcc7 Kh8 53. Rxg7 Rh3+ 54. Rg3 1-0

[Event "Early-Titled-Tuesday-Blitz-May-14-2024"]
[Site "Chess.com"]
[Date "2024.05.14"]
[Round "4"]
[White "alexrustemov"]
[Black "IlanSchnaider"]
[Result "0-1"]
[WhiteElo "2930"]
[BlackElo "2733"]
[TimeControl "180+1"]
[EndTime "8:41:27 PDT"]
[Termination "IlanSchnaider won by checkmate"]

1. d4 Nf6 2. Nf3 g6 3. g3 Bg7 4. Bg2 O-O 5. O-O d5 6. Be3 Bf5 7. Qc1 Nbd7 8. c3 Nb6 9. Bh6 Rc8 10. Bxg7 Kxg7 11. Nh4 Be4 12. Nd2 Bxg2 13. Kxg2 c5 14.
e3 Qd6 15. Nhf3 Rfe8 16. Qc2 Nfd7 17.
Rad1 e5 18. dxe5 Nxe5 19. Nxe5 Qxe5 20. Nf3 Qf6 21. a4 Rcd8 22. a5 Nc4 23. Rd3 Qf5 24. Nh4 Qe4+ 25. Kg1 Nxb2 26. Rd2 Nc4 27. Qxe4 dxe4 28.
Ra2 Rd3 29. Rc1 Red8 30. Ra4 Nd2 31. Ng2 Nf3+ 32. Kf1 Nxh2+ 33. Kg1 Nf3+ 34. Kf1 b6 35. axb6 axb6 36. Nf4 Rd1+ 37. Rxd1 Rxd1+ 38. Kg2 Rg1+ 39. Kh3 f5 40. Ra7+ Kf6 41. Rxh7 Rh1+ 42. Kg2 Rxh7 43.
Nd5+ Ke5 44. Nxb6 Rh2+ 45. Kf1 Rh1+ 46. Kg2 Rg1+ 47. Kh3 g5 48. Nc4+ Kf6 49. g4 fxg4# 0-1

[Event "Early-Titled-Tuesday-Blitz-May-14-2024"]
[Site "Chess.com"]
[Date "2024.05.14"]
[Round "4"]
[White "savitha1030"]
[Black "ContrVersia"]
[Result "1-0"]
[WhiteElo "2534"]
[BlackElo "2900"]
[TimeControl "180+1"]
[EndTime "8:41:27 PDT"]
[Termination "savitha1030 won by checkmate"]

1. Nf3 d5 2. g3 Nd7 3. Bg2 e5 4.
d3 Ngf6 5. O-O Bc5 6. c3 O-O 7. d4 exd4 8. cxd4 Bd6 9. Nc3 Re8 10. Nb5 Ne4 11. Nxd6 Nxd6 12. Bg5 f6 13. Bf4 Nb6 14.
Rc1 a5 15. Nd2 c6 16. h4 Bg4 17. Bf3 Bxf3 18. Nxf3 Ne4 19. b3 Qd7 20. Qd3 a4 21. Nd2 axb3 22. axb3 Ra2 23. Rc2 Ra3 24. Nxe4 dxe4 25.
Qc3 Nd5 26. Qc4 Kh8 27. e3 h6 28. Qc5 Rxb3 29. Qd6 Qf7 30. g4 Re6 31. Qb8+ Kh7 32.
Bg3 Qd7 33. g5 f5 34. gxh6 Rxh6 35. Ra1 f4 36. exf4 Qg4 37. Qe5 Rxg3+ 38. fxg3 Qxg3+ 39. Rg2 Qe3+ 40. Kf1 Qf3+ 41. Kg1 Qe3+ 42. Kf1 Rf6 43.
Qh5+ Kg8 44. Ra8+ Rf8 45. Rxf8+ Kxf8 46. Qh8+ Ke7 47. Qxg7+ Kd6 48. Qe5+ Kd7 49. Rg7+ Kd8 50. Qb8# 1-0

[Event "Early-Titled-Tuesday-Blitz-May-14-2024"]
[Site "Chess.com"]
[Date "2024.05.14"]
[Round "4"]
[White "SidArun"]
[Black "MasterKroket"]
[Result "1-0"]
[WhiteElo "2359"]
[BlackElo "2530"]
[TimeControl "180+1"]
[EndTime "8:41:27 PDT"]
[Termination "SidArun won by resignation"]

1. d4 Nf6 2. Nc3 d5 3. Bf4 a6 4. e3 Bf5 5. f3 e6 6. g4 Bg6 7. h4 h5 8. g5 Ng8 9. Bd3 Ne7 10. Nge2 Nd7 11. e4 dxe4 12. Nxe4 Nd5 13. Bd2 e5 14. a3 exd4 15. Nxd4 Ne5 16. Be2 c5 17. Nb3 Qc7 18. c4 Bxe4 19. fxe4 Nd3+ 20. Bxd3 Qg3+ 21. Kf1 Qxd3+ 22. Qe2 Qxe2+ 23. Kxe2 Nb6 24. Rac1 Bd6 25. Be3 Rc8 26. Rhd1 Ke7 27. e5 Bc7 28. Bxc5+ Ke6 29. Nd4+ Kxe5 30. Rf1 Na4 31. Nb3 Nxc5 32. Nxc5 Rhe8 33.
Kd3 Rcd8+ 34. Kc3 b6 35. Rce1+ Kd6 36. Nb7+ Kc6 37. Nxd8+ Rxd8 38. Rxf7 Bg3 39. Re6+ Rd6 40. Rxd6+ Kxd6 41. Rxg7 Bxh4 42. Rh7 Bxg5 43. Rxh5 Be3 44. b4 Kc6 45. Kd3 Bc1 46. a4 Ba3 47. b5+ axb5 48.
axb5+ Kc7 49. Ke4 Bc1 50. Kd5 Be3 51. Rh7+ Kb8 52. Re7 Bg1 53. Re6 Bf2 54. Kc6 Bg1 55. Re8+ Ka7 56. Re7+ Kb8 57. Rb7+ Kc8 58. Rxb6 1-0

[Event "Early-Titled-Tuesday-Blitz-May-14-2024"]
[Site "Chess.com"]
[Date "2024.05.14"]
[Round "4"]
[White "Flawless_Fighter"]
[Black "KorolDimitriy75"]
[Result "0-1"]
[WhiteElo "2678"]
[BlackElo "2423"]
[TimeControl "180+1"]
[EndTime "8:41:28 PDT"]
[Termination "KorolDimitriy75 won by checkmate"]

1. e4 c5 2. Nf3 d6 3. Bb5+ Nd7 4. O-O Nf6 5. Re1 a6 6. Bf1 e5 7. c3 Be7 8. d4 O-O 9. h3 Qc7 10. a4 b6 11. d5 Re8 12. c4 Bf8 13. Nc3 g6 14.
Bg5 Bg7 15. Qd2 Kh8 16. g3 Ng8 17. Nh4 f6 18. Be3 Rf8 19. Bd3 Ne7 20. Kh2 f5 21.
exf5 Nxf5 22. Nxf5 gxf5 23. f4 e4 24. Bc2 Nf6 25.
Rg1 Qf7 26. Qe2 h5 27. Nd1 Rg8 28. Bd2 Bd7 29. Bc3 Kh7 30. Ne3 Bh6 31. Rg2 Rg6 32. Bxf6 Rxf6 33. h4 Rg8 34. Bd1 Be8 35. a5 b5 36. cxb5 Bxb5 37. Qxh5 Qf8 38. Bc2 Be8 39. Qe2 Bb5 40. Qd1 Rfg6 41. Qh5 Bd7 42. Rb1 Qf6 43.
b4 c4 44. Nxc4 Qd4 45. Nb6 Rxg3 46. Rbg1 Rxg2+ 47. Rxg2 Rxg2+ 48. Kxg2 Qd2+ 49. Kf1 Qc1+ 50. Bd1 Qxf4+ 51. Kg2 Qd2+ 52. Be2 f4 53. Nxd7 f3+ 54. Kf1 Qxe2+ 55. Kg1 Qg2# 0-1

[Event "Early-Titled-Tuesday-Blitz-May-14-2024"]
[Site "Chess.com"]
[Date "2024.05.14"]
[Round "4"]
[White "ninguno46"]
[Black "David_George21"]
[Result "1-0"]
[WhiteElo "2555"]
[BlackElo "2368"]
[TimeControl "180+1"]
[EndTime "8:41:30 PDT"]
[Termination "ninguno46 won on time"]

1. Nf3 c5 2. e4 d6 3. Nc3 Nf6 4. e5 dxe5 5. Nxe5 Nbd7 6. Nc4 e6 7. Qf3 Rb8 8. d3 b5 9. Nd2 Bb7 10. Qh3 a6 11. Nde4 b4 12. Nxf6+ Nxf6 13. Ne4 Nxe4 14.
dxe4 Bxe4 15. Bxa6 Qa5 16. Bc4 Bxc2 17. O-O Bd6 18.
Bxe6 O-O 19. Bc4 Qc7 20. Be3 Be5 21. Rac1 Be4 22. b3 Bc3 23. a4 Kh8 24. Qh4 f5 25. Bf4 Qd8 26. Qg3 Rb7 27. Rcd1 Rd7 28. Rd6 Rxd6 29.
Bxd6 Rf6 30. Bxc5 Rg6 31. Qxg6 hxg6 32. f3 Bd4+ 33. Bxd4 Qxd4+ 34. Kh1 Bc2 35. a5 Qe3 36. a6 Qd4 37. h3 g5 38. Re1 Kh7 39. Re7 Qd1+ 40.
Kh2 Qc1 41. a7 Qf4+ 42. g3 Qd2+ 43. Re2 1-0

[Event "Early-Titled-Tuesday-Blitz-May-14-2024"]
[Site "Chess.com"]
[Date "2024.05.14"]
[Round "4"]
[White "Malikova777"]
[Black "djano"]
[Result "1/2-1/2"]
[WhiteElo "2341"]
[BlackElo "2527"]
[TimeControl "180+1"]
[EndTime "8:41:30 PDT"]
[Termination "Game drawn by repetition"]

1. d4 Nf6 2. c4 g6 3. Nf3 Bg7 4. g3 O-O 5. Bg2 c5 6. O-O cxd4 7. Nxd4 Nc6 8. Nc3 Qa5 9. e4 Nxd4 10. Qxd4 d6 11.
Qd3 Qh5 12. f4 Be6 13. Nd5 Nxd5 14. cxd5 Bh3 15. Rf2 Rac8 16. Bf3 Bg4 17. Bxg4 Qxg4 18. Be3 b6 19. Kg2 Rc7 20. h3 Qc8 21. Bd4 Bxd4 22. Qxd4 Rc4 23. Qd3 Qc5 24. Re1 Rc8 25. Ree2 a5 26.
a3 b5 27. h4 Rd4 28. Qf3 Qc1 29. f5 Rf8 30. fxg6 hxg6 31. Rf1 Qc4 32. h5 Qd3 33. Re3 Qd2+ 34. Rf2 Qd1 35. hxg6 Qxf3+ 36. Rexf3 f6 37. Re3 Rc8 38. Kf3 Kg7 39. Ree2 Kxg6 40. Rc2 Rcc4 41.
Rfe2 Rd3+ 42. Kf4 Rdd4 43. Rxc4 Rxc4 44. g4 a4 45. Rd2 Rc1 46. Rf2 Rb1 47. Ke3 Rc1 48. Kf4 Rc4 49. Rg2 Rc1 50. Rf2 1/2-1/2

[Event "Early-Titled-Tuesday-Blitz-May-14-2024"]
[Site "Chess.com"]
[Date "2024.05.14"]
[Round "4"]
[White "Eagle_2019"]
[Black "sergoy"]
[Result "1-0"]
[WhiteElo "2867"]
[BlackElo "3009"]
[TimeControl "180+1"]
[EndTime "8:41:31 PDT"]
[Termination "Eagle_2019 won by resignation"]

1. Nf3 d5 2. e3 Nf6 3. c4 c6 4. b3 Bg4 5. Bb2 e6 6. h3 Bh5 7. Be2 Nbd7 8. O-O Bd6 9. d4 O-O 10. Nbd2 a5 11. a3 Re8 12. Ne5 Bxe2 13. Qxe2 Bxe5 14.
dxe5 Ne4 15. Nxe4 dxe4 16. Rad1 Qe7 17. Qc2 Nc5 18. Bd4 Nd3 19. c5 Qg5 20. Rd2 Red8 21.
f3 Rd7 22. Qc3 Rad8 23. Rc2 Rxd4 24. exd4 Qe3+ 25. Kh2 Rxd4 26. Re2 Qf4+ 27. g3 Qf5 28. Rxe4 Rd5 29. g4 Qg5 30. f4 Qd8 31. b4 axb4 32. axb4 h5 33. f5 hxg4 34. fxe6 fxe6 35. hxg4 Qh4+ 36.
Kg2 Qg5 37. Rf3 Nxe5 38. Rfe3 Nxg4 39. Rg3 Rd2+ 40. Kg1 Rd1+ 41. Kg2 Rd2+ 42. Kg1 Qh6 43. Rh3 Rd1+ 44. Kg2 Rd2+ 45. Kg3 Qg5 46. Rxg4 Qe7 47.
Qxd2 1-0

[Event "Early-Titled-Tuesday-Blitz-May-14-2024"]
[Site "Chess.com"]
[Date "2024.05.14"]
[Round "4"]
[White "brunomorado"]
[Black "Fh2411"]
[Result "0-1"]
[WhiteElo "2363"]
[BlackElo "2554"]
[TimeControl "180+1"]
[EndTime "8:41:31 PDT"]
[Termination "Fh2411 won by checkmate"]

1. d4 Nf6 2. Nc3 d5 3. Bg5 c6 4.
Qd3 Bg4 5. f3 Bh5 6. e4 Bg6 7.
Qe3 Qb6 8. O-O-O e6 9. Bxf6 gxf6 10. exd5 cxd5 11. Nxd5 Qd8 12. Nf4 Bh6 13. Bb5+ Nd7 14. Ngh3 Rc8 15. Rd2 O-O 16. Qb3 Nb6 17. Kb1 Qc7 18. Nxg6 hxg6 19. Re2 Rfd8 20. c3 Nd5 21. g3 a6 22. Bd3 b5 23. Nf2 f5 24.
Rhe1 Qb6 25. f4 Bg7 26. a3 Rb8 27. Bc2 a5 28. Nd3 Rdc8 29. Nc5 Rxc5 30. dxc5 Qxc5 31. Bd3 b4 32. cxb4 axb4 33. Rc2 Qd4 34. a4 Ne3 35. Rd2 Rd8 36. Rde2 Ng4 37. Bb5 Nf2 38. Rc1 Ne4 39. Rec2 Nd2+ 40. Rxd2 Qxd2 41. a5 Qf2 42. a6 Rd2 43.
Qxb4 Rxb2+ 44. Qxb2 Qxb2# 0-1

[Event "Early-Titled-Tuesday-Blitz-May-14-2024"]
[Site "Chess.com"]
[Date "2024.05.14"]
[Round "4"]
[White "bascheyaro"]
[Black "gau248"]
[Result "1-0"]
[WhiteElo "2813"]
[BlackElo "2600"]
[TimeControl "180+1"]
[EndTime "8:41:32 PDT"]
[Termination "bascheyaro won by resignation"]

1. d4 d5 2. Nf3 Nf6 3. c4 c6 4. Nc3 dxc4 5. Bg5 h6 6. Bxf6 exf6 7. e3 b5 8. a4 b4 9. Ne4 Be6 10. Qc1 Bd5 11. Ned2 f5 12. Bxc4 Nd7 13. O-O Rc8 14. a5 Be7 15. Qc2 g6 16. Rfc1 O-O 17. Nb3 Nf6 18.
Bxd5 cxd5 19. Qd3 Qd6 20. Ne5 Nd7 21. Nxd7 Qxd7 22. g3 h5 23. h4 Kg7 24. Qa6 Bd6 25. Nd2 Rc7 26. Rxc7 Qxc7 27. Qb5 Bxg3 28. Qxd5 Bxh4 29.
Qc4 Qd6 30. Qc5 Qxc5 31. dxc5 Bf6 32. Rb1 Rd8 33. Nb3 Rd3 34. c6 Be5 35. Nd4 f4 36. Rc1 fxe3 37. fxe3 Rxe3 38. c7 Bxc7 39. Rxc7 Re4 40.
Nc6 Rc4 41. Rc8 a6 42. Ne7 Re4 43. Nd5 Rd4 44. Nc7 Rc4 45. Ne8+ Kf8 46. Rxc4 Kxe8 47. Rxb4 g5 48. Rb6 f5 49. Rxa6 Kf7 50. Rb6 h4 51.
a6 g4 52. a7 f4 53. a8=Q h3 54. Qa7+ 1-0

[Event "Early-Titled-Tuesday-Blitz-May-14-2024"]
[Site "Chess.com"]
[Date "2024.05.14"]
[Round "4"]
[White "vladgoncharov"]
[Black "JaloliddinIlkhomi"]
[Result "0-1"]
[WhiteElo "2564"]
[BlackElo "2749"]
[TimeControl "180+1"]
[EndTime "8:41:32 PDT"]
[Termination "JaloliddinIlkhomi won on time"]

1. d4 e6 2. c4 Nf6 3. Nc3 Bb4 4. e3 O-O 5. Bd3 d5 6. Ne2 b6 7. cxd5 exd5 8. O-O Bb7 9. a3 Bd6 10. Ng3 Re8 11.
b4 Nbd7 12. Bb2 a6 13. Rc1 g6 14. Re1 h5 15. h3 Qe7 16. f4 h4 17. Nh1 Nh5 18.
Qg4 Ng7 19. Nf2 c6 20. e4 dxe4 21. Ncxe4 Nf6 22. Qxh4 Nxe4 23. Qxe7 Rxe7 24. Nxe4 Bxf4 25. Rcd1 f5 26. Bc4+ Kh8 27. Nf6 Re3 28. Rxe3 Bxe3+ 29. Kh2 Rf8 30. Nd7 Rd8 31. Ne5 Bf4+ 32. g3 Bxe5 33.
Re1 Bf6 34. g4 b5 35. Bb3 Bc8 36. Kg3 fxg4 37. hxg4 Ne8 38. Kf4 Kg7 39. g5 Bxg5+ 40. Kxg5 Kf8 41. Kxg6 Rd6+ 42. Kg5 Rf6 43. d5 Rf5+ 0-1

[Event "Early-Titled-Tuesday-Blitz-May-14-2024"]
[Site "Chess.com"]
[Date "2024.05.14"]
[Round "4"]
[White "Aryan_Tamadon"]
[Black "AsaHoffmann"]
[Result "1-0"]
[WhiteElo "2527"]
[BlackElo "2321"]
[TimeControl "180+1"]
[EndTime "8:41:32 PDT"]
[Termination "Aryan_Tamadon won by resignation"]

1. Nf3 d6 2. d3 e5 3. g3 c6 4. Bg2 Nf6 5. O-O Be7 6. e4 h6 7. c3 Be6 8. Qc2 Qd7 9. d4 exd4 10. cxd4 Bh3 11. Nc3 Bxg2 12. Kxg2 O-O 13. Bf4 Na6 14.
Qd2 Nc7 15. h3 Rfe8 16. Rfe1 Bf8 17. Rad1 Rad8 18. g4 b5 19. a3 a5 20. b4 axb4 21. axb4 Nh7 22. Qd3 Ne6 23. Bh2 Qb7 24. d5 Nc7 25. dxc6 Qxc6 26. Rc1 Qb7 27. Nd4 Rb8 28. Nf5 Red8 29. Red1 Nf6 30. f3 Ne6 31. Nd5 Nxd5 32.
exd5 Ng5 33. h4 Nh7 34. Rc6 Nf6 35. g5 hxg5 36. hxg5 Ne8 37. Bf4 Ra8 38. Rh1 Ra2+ 39. Kg3 g6 40. Qc3 Bg7 41. Nxg7 Nxg7 42. Bxd6 Qd7 43.
Qxg7+ Kxg7 44. Be5+ f6 45. Bxf6+ Kg8 46. Rh8+ Kf7 47.
Rxd8 Qxd8 48. Bxd8 Rd2 49. d6 Ke6 50. Be7 Rd4 51.
Rc7 Rxb4 52. Bf8 Rd4 53. Rb7 b4 54. Kf2 Kf5 55. Ke3 Rd1 56. d7 Kxg5 57. d8=Q+ Rxd8 58. Be7+ Kf5 59. Bxd8 1-0

[Event "Early-Titled-Tuesday-Blitz-May-14-2024"]
[Site "Chess.com"]
[Date "2024.05.14"]
[Round "4"]
[White "Pumpkin_in_moonlight"]
[Black "HanSchut"]
[Result "0-1"]
[WhiteElo "2190"]
[BlackElo "2392"]
[TimeControl "180+1"]
[EndTime "8:41:32 PDT"]
[Termination "HanSchut won on time"]

1. e4 c5 2. Nf3 d6 3. d4 cxd4 4. Nxd4 Nf6 5. Nc3 a6 6. g3 g6 7. Bg2 Bg7 8. O-O O-O 9. h3 Bd7 10. Be3 Nc6 11. Nd5 Nxd4 12. Bxd4 Nxd5 13. Bxg7 Kxg7 14.
exd5 Rc8 15. Qd4+ Kg8 16. c4 Qc7 17. Rfc1 Rfe8 18. b4 b6 19. a4 a5 20. bxa5 bxa5 21. h4 Qc5 22. Qd2 Qb4 23. Qf4 Rc5 24. h5 Rec8 25.
Bf1 Bxa4 26. h6 Be8 27. Qe3 R5c7 28. Qd4 f6 29. Qe3 Bf7 30. Bh3 Ra8 31. Be6 Qc5 32.
Bxf7+ Kxf7 33. Qe6+ Kf8 34. Kg2 Rb7 35. Rc3 Qc8 36.
Qe4 Qf5 37. Qd4 a4 38. Raa3 Qe5 39. Qd3 Rab8 40. Qf3 Rb3 41. Re3 Rxe3 42. Rxe3 Qf5 43. Qe2 Ra8 44. Rxe7 a3 45. Rg7 Qe5 46. Qf3 f5 47.
Rxh7 Kg8 48. Rg7+ Kh8 49. Rxg6 Qe4 0-1

[Event "Early-Titled-Tuesday-Blitz-May-14-2024"]
[Site "Chess.com"]
[Date "2024.05.14"]
[Round "4"]
[White "Alexander_Donchenko"]
[Black "rpragchess"]
[Result "0-1"]
[WhiteElo "2872"]
[BlackElo "3098"]
[TimeControl "180+1"]
[EndTime "8:41:33 PDT"]
[Termination "rpragchess won by resignation"]

1. e4 e5 2. Nf3 Nc6 3. Bb5 a6 4. Ba4 d6 5. c4 Bd7 6. O-O g6 7. d4 exd4 8. Bxc6 bxc6 9. Qxd4 f6 10. Nc3 c5 11. Qd2 Bg7 12. b3 Ne7 13. Bb2 O-O 14. h3 Kh8 15. Rfe1 a5 16. Nd5 a4 17. h4 Nc6 18. Bc3 Ne5 19. Nh2 Rb8 20. Rab1 axb3 21.
axb3 Rb7 22. f4 Nc6 23. h5 gxh5 24. Qd1 Qe8 25. Kh1 Qf7 26. Re3 Nd4 27. Bxd4 cxd4 28.
Qxd4 f5 29. e5 c6 30. Nc3 dxe5 31. fxe5 f4 32. Ree1 Bf5 33. Rb2 Bg6 34. Ne4 Re7 35. Nf3 Qf5 36. Nd6 Qg4 37. Qf2 Qg3 38. Rbe2 h4 39. Nxh4 Qxf2 40. Rxf2 Rxe5 41. Rxe5 Bxe5 42.
Nxg6+ hxg6 43. Ne4 Rd8 44. Re2 Kg7 45. Kg1 Rd1+ 46.
Kf2 Rd3 47. Nc5 Bd4+ 48. Ke1 Bxc5 49. Re6 Bb4+ 50. Kf2 Rxb3 51. Rxc6 Bd2 52. Rd6 Be3+ 53. Ke2 Rb2+ 54. Kf3 Rf2+ 55. Ke4 Rxg2 56. c5 Bxc5 57. Rd7+ Kf6 58. Kxf4 Rf2+ 59. Kg3 Rf5 60. Rc7 Bd6+ 0-1

[Event "Early-Titled-Tuesday-Blitz-May-14-2024"]
[Site "Chess.com"]
[Date "2024.05.14"]
[Round "4"]
[White "Mackster23"]
[Black "cthulhuuu"]
[Result "1/2-1/2"]
[WhiteElo "2665"]
[BlackElo "2443"]
[TimeControl "180+1"]
[EndTime "8:41:33 PDT"]
[Termination "Game drawn - insufficient material"]

1. e4 d6 2. d4 Nf6 3. Nc3 c6 4.
Be3 b5 5. f3 e5 6. dxe5 dxe5 7.
Qxd8+ Kxd8 8. a4 b4 9. Nb1 Be6 10. Nd2 Nbd7 11. a5 Bc5 12. Kf2 Bxe3+ 13. Kxe3 Nc5 14.
Bc4 Ke7 15. Ne2 Rhd8 16. Bxe6 Kxe6 17. Nc4 Rd7 18. Rhd1 Rad8 19. Rxd7 Rxd7 20. a6 Rd8 21. Ra5 Nfd7 22. b3 Rb8 23. g3 Rb5 24. Ra1 Nb6 25.
Nxe5 Kxe5 26. Nd4 Nxb3 27. f4+ Kf6 28. e5+ Ke7 29. cxb3 Rc5 30. Ke4 Nd5 31. Nxc6+ Rxc6 32. Kxd5 Rc3 33. Ra4 Rxb3 34. Kc4 Rc3+ 35. Kxb4 Rc2 36. h4 Ke6 37. Ra3 Rb2+ 38. Rb3 Rxb3+ 39. Kxb3 Kf5 40.
Kc4 Kg4 41. Kd5 g6 42. Kd6 Kxg3 43. Ke7 Kxf4 44. Kxf7 Kxe5 45. Kg7 Kf5 46. Kxh7 g5 47. hxg5 Kxg5 48. Kg7 Kf5 49. Kf7 Ke5 50. Kg6 Kd6 51. Kf5 Kc6 52. Ke4 Kb6 53. Kd3 Kxa6 54. Kc2 Kb5 55. Kb1 a5 56. Ka1 a4 57. Kb1 a3 58.
Ka1 a2 59. Kxa2 1/2-1/2

[Event "Early-Titled-Tuesday-Blitz-May-14-2024"]
[Site "Chess.com"]
[Date "2024.05.14"]
[Round "4"]
[White "xakevicius91"]
[Black "ChEsper99"]
[Result "1-0"]
[WhiteElo "2502"]
[BlackElo "2272"]
[TimeControl "180+1"]
[EndTime "8:41:33 PDT"]
[Termination "xakevicius91 won on time"]

1. e4 c6 2. d4 d5 3. e5 Bf5 4. Nd2 e6 5. Nb3 a6 6. Nf3 Nd7 7. Be2 c5 8. dxc5 Nxc5 9. Nfd4 Bg6 10.
O-O Ne7 11. Bf3 Nc6 12. Nxc6 bxc6 13. c4 Nxb3 14. axb3 Bc5 15. Bf4 O-O 16. Qd2 Qb6 17.
h4 h6 18. Rac1 Rfc8 19. Bd1 a5 20. g4 Be7 21. h5 Bh7 22. g5 hxg5 23. Bxg5 Qd8 24. Bxe7 Qxe7 25. Qf4 f6 26. Bg4 Bf5 27. cxd5 cxd5 28. Rxc8+ Rxc8 29. Bxf5 exf5 30. Qxf5 Re8 31. exf6 Qxf6 32. Qxd5+ Kh8 33. Kg2 Re5 34. Qa8+ Kh7 35.
f4 Re2+ 36. Kf3 Qxb2 37. Qd5 Rd2 38. Qe4+ Kh8 39. Qe8+ Kh7 40. Qe4+ Kh8 41. h6 Qc3+ 42. Kg4 Qc8+ 43. f5 gxh6 44. Qe5+ Kh7 45. Qe7+ Kh8 46.
Qf6+ Kh7 47. Qg6+ Kh8 48. Qxh6+ Kg8 49. Qxd2 1-0

[Event "Early-Titled-Tuesday-Blitz-May-14-2024"]
[Site "Chess.com"]
[Date "2024.05.14"]
[Round "4"]
[White "SchmakAttack"]
[Black "Vasily_IM"]
[Result "0-1"]
[WhiteElo "2777"]
[BlackElo "2609"]
[TimeControl "180+1"]
[EndTime "8:41:34 PDT"]
[Termination "Vasily_IM won by resignation"]

1. d4 d5 2. c4 e6 3. Nc3 Nf6 4. cxd5 exd5 5. Bg5 Be7 6. e3 O-O 7. Bd3 Nbd7 8. h3 c6 9. Nf3 Re8 10. Bf4 Nf8 11. O-O Be6 12. Rb1 a5 13. a3 Ng6 14.
Bh2 Bd6 15. Bxd6 Qxd6 16. Qc2 b5 17. Rbc1 a4 18. Na2 Rac8 19. Nb4 Bd7 20. Na6 Ne4 21.
Nc5 f5 22. b3 axb3 23. Qxb3 Ra8 24. Rc2 Re7 25. Rfc1 Be8 26. Qb4 h6 27. Rb2 Kh7 28.
a4 bxa4 29. Nxa4 Rea7 30. Qxd6 Nxd6 31. Nc5 Ne4 32. Ne6 Bd7 33. Nf4 Nxf4 34. exf4 Ra1 35. Rxa1 Rxa1+ 36. Kh2 c5 37. dxc5 Nxc5 38. Bc2 Ne4 39.
Ne5 Ba4 40. f3 Bxc2 41. Rxc2 Nf6 42. Rc7 Ra8 43. Rc6 Rd8 44. Kg1 d4 45. Nd3 Nd5 46. Kf2 Ne3 47. Rc5 Ra8 48. Rb5 Ra2+ 49. Rb2 Nd1+ 0-1